 Dungeon Crawl Stone Soup version 0.27.1-1-g398f81649c (webtiles) character file.

Game seed: 888996385549317128

51 Destapler the Skirmisher (level 3, -3/29 HPs)
             Began as a Demonspawn Monk on Sept 14, 2021.
             Slain by a wyvern skeleton (12 damage)
             ... on level 4 of the Dungeon.
             The game lasted 00:01:36 (1795 turns).

Destapler the Skirmisher (Demonspawn Monk)          Turns: 1795, Time: 00:01:36

Health: -3/29      AC:  5    Str: 11    XL:     3   Next: 58%
Magic:  3/3        EV: 11    Int: 11    God:
Gold:   68         SH:  0    Dex: 16    Spells: 2/2 levels left

rFire    . . .     SeeInvis .   e - +2 mace (drain)
rCold    . . .     Faith    .   (no shield)
rNeg     . . .     Spirit   .   j - +0 ring mail
rPois    .         Reflect  .   (no helmet)
rElec    .         Harm     .   (no cloak)
rCorr    .         Rampage  .   (no gloves)
Will     .....                  (no boots)
Stlth    ++........             (no amulet)
HPRegen  0.09/turn              (no ring)
MPRegen  0.08/turn              (no ring)

@: no status effects
A: hooves 1, powered by pain 1
a: no special abilities


You were on level 4 of the Dungeon.
You visited 1 branch of the dungeon, and saw 4 of its levels.

You collected 68 gold pieces.

Inventory:

Hand Weapons
 a - a +0 mace
 e - a +2 mace of draining (weapon)
Armour
 b - a +0 robe
 j - a +0 ring mail (worn)
Scrolls
 d - a scroll of fear {unknown}
 f - a scroll of noise {unknown}
 g - a scroll of silence {unknown}
 i - a scroll of enchant weapon {unknown}
 l - a scroll of torment {unknown}
 m - a scroll of immolation {unknown}
Potions
 c - a potion of brilliance {unknown}
 h - a potion of might {unknown}
 k - a potion of curing {unknown}


   Skills:
 + Level 3.4 Fighting
 + Level 3.1 Maces & Flails
 + Level 3.1 Dodging
 + Level 2.4 Stealth


You had 2 spell levels left.
You didn't know any spells.
Your spell library was empty.

Dungeon Overview and Level Annotations

Branches:
Dungeon (3/15)

Altars:

Shops:
D:1 (


Innate Abilities, Weirdness & Mutations

You have large cloven feet.
You sometimes gain a little power by taking damage.


Message History

You kill the orc!
The orc closely misses you. x2
You sock the orc!
You kill the orc!
The orc hits you from afar with a +0 trident.
The orc completely misses you.
Things that are here:
a +0 hand axe; an orc corpse You thump the orc!
You kill the orc!
No target in view!
No target in view!
HP restored.
Things that are here:
a +0 flail; an orc corpse
Things that are here:
a +0 hand axe; an orc corpse You fall into a shaft and drop 1 floor!
The shaft crumbles and collapses.
Found 25 stones and a hand axe.
Found an amethyst potion, a scroll labelled ONLYK ACIS and a flail.
Found 20 gold pieces, a cloak, an emerald ring and a robe.
Found 13 gold pieces.
A wyvern skeleton comes into view.
A black bear comes into view.
Found a stone staircase leading up and a stone staircase leading down.
The black bear growls angrily.
The wyvern skeleton bites you! The wyvern skeleton bites you.
You hit the wyvern skeleton. You kick the wyvern skeleton.
The wyvern skeleton is moderately damaged.
The wyvern skeleton bites you but does no damage.
You hit the wyvern skeleton. You kick the wyvern skeleton.
The wyvern skeleton is heavily damaged.
The wyvern skeleton closely misses you. The wyvern skeleton bites you.
* * * LOW HITPOINT WARNING * * *
You sock the wyvern skeleton!
You kick the wyvern skeleton, but do no damage.
The wyvern skeleton is almost destroyed.
The wyvern skeleton bites you!
You die...

.#... ##....# ##
#.....# ........#
#.# #. #.#.....#
#.# .#.##.#....>#
#.# ...$......#.#
#.# <.....Z@..#.#
#.# #..#####....#
#.# #.h#[)=#..###
#.# #..#[?)#..#
#.#
...#$!(#..#####.#
...#####........#
..........#######
..........#
.###.###.#


You could see a black bear and a wyvern skeleton.

Vanquished Creatures
  An adder (D:2)
  A worm (D:2)
  4 orcs (D:3)
  An endoplasm (D:2)
  3 goblins
  2 hobgoblins
  4 jackals (D:2)
  3 kobolds
  3 quokkas
  5 ball pythons
  2 bats (D:2)
  A frilled lizard (D:1)
  4 rats
34 creatures vanquished.

Notes
Turn   | Place    | Note
-------+----------+-------------------------------------------
     0 | D:1      | Destapler the Demonspawn Monk began the quest for the Orb.
     0 | D:1      | Reached XP level 1. HP: 18/18 MP: 1/1
   108 | D:1      | Found Mev Cicw's Antique Weapon Shop.
   291 | D:1      | Gained mutation: You sometimes gain a little power by
                  | taking damage. [demonic ancestry]
   291 | D:1      | Reached XP level 2. HP: 24/24 MP: 2/2
   297 | D:1      | Found a faded altar of an unknown god.
  1225 | D:2      | Gained mutation: You have large cloven feet. [demonic
                  | ancestry]
  1225 | D:2      | Reached XP level 3. HP: 7/29 MP: 3/3
  1779 | D:3      | You fall into a shaft and drop 1 floor!
  1792 | D:4      | Noticed a black bear
  1795 | D:4      | Slain by a wyvern skeleton

Illustrated notes

Levels and vault maps discovered:
D:1:      evilmike_arrival_crescent, layout_basic,
          ebering_ecumenical_altar_rust, serial_shops, shop
D:2:      layout_loops_ring, minmay_misc_feat_tower
D:3:      layout_loops_ring, nicolae_overflow_hidden_temple,
          ebering_ghost_inner_flame
D:4:      layout_basic, chequers_temple_overflow_minitemple, led_sif_book,
          minmay_temple_entry_statues, serial_glass, glass_columns_c,
          glass_columns_a, due_unseen_surprise, item_on_display_a,
          minmay_strange_pillars, minmay_strange_pillars

Skill      XL: |  1  2 |
---------------+-------+-----
Stealth        | 2 |  2.4
Maces & Flails | 3 |  3.1
Dodging        | 3 |  3.1
Fighting       | |  3.4

Action                   || total
-------------------------++-------
Melee: Mace              ||    78
       Kick              ||     6
 Stab: Sleeping          ||     5
Armor: Robe              ||     2
       Ring mail         ||    11
Dodge: Dodged            ||    67
